 Dungeon Crawl Stone Soup version 0.31-a0-981-geadf994542 (webtiles) character file.

Game seed: 9128394429631608074

96588 Lusmu the Convoker (level 16, -1/97 HPs)
             Began as a Tengu Summoner on Oct 30, 2023.
             Was the Champion of Dithmenos.
             Killed from afar by a shock serpent (27 damage)
             ... with a bolt of electricity
             ... on level 1 of the Snake Pit on Oct 31, 2023.
             The game lasted 06:03:23 (33162 turns).

Lusmu the Convoker (Tengu Summoner)                Turns: 33162, Time: 06:03:24

Health: -1/97      AC: 14    Str: 10    XL:     16   Next: 17%
Magic:  6/30       EV: 22    Int: 18    God:    Dithmenos [******]
Gold:   1457       SH:  0    Dex: 22    Spells: 16/33 levels left

rFire   + + .        q - +7 staff of the Meek {protect, meekguard}
rCold   . . .        (shield currently unavailable)
rNeg    + + +        L - +0 acid dragon scales
rPois   +            a - +4 hat "Lenoret" {+Blink}
rElec   .            u - scarf {repulsion}
rCorr   +            K - +1 pair of gloves
SInv    .            (boots unavailable)
Will    +....        C - amulet "Zyivakh" {Faith Fragile rF+ rN+++ Int-3}
Stlth   ++++++++     N - +6 ring of dexterity
HPRegen 0.36/turn    U - ring of poison resistance
MPRegen 0.22/turn

%: repel missiles, acrobat, faith
@: flying, wreathed by umbra
A: beak, talons 3, evasive flight, acrobatic, fire resistance 1, subdued magic 1
a: Renounce Religion, Evoke Blink, Shadow Step, Shadow Form


You were on level 1 of the Snake Pit.
You worshipped Dithmenos.
Dithmenos was exalted by your worship.
You visited 5 branches of the dungeon, and saw 24 of its levels.
You also visited: Ossuary.

You collected 1882 gold pieces.
You spent 425 gold pieces at shops.

Inventory:

Hand Weapons
 q - the +7 staff of the Meek (weapon) {protect, meekguard}
   (You found it on level 3 of the Dungeon)
Missiles
 d - 6 atropa-tipped darts
 y - 5 darts of dispersal
 z - 47 poisoned darts (quivered)
 Q - a throwing net
Armour
 a - the +4 hat "Lenoret" (worn) {+Blink}
   (You found it on level 15 of the Dungeon)

   +Blink:    It lets you blink.
 u - a scarf of repulsion (worn)
 K - a +1 pair of gloves (worn)
 L - +0 acid dragon scales (worn)
Jewellery
 e - a +5 ring of evasion
 C - the amulet "Zyivakh" (around neck) {Faith Fragile rF+ rN+++ Int-3}
   (You acquired it on level 10 of the Dungeon)

   [amulet of faith]

   Faith:     It allows you to gain divine favour quickly.
   Int-3:     It affects your intelligence (-3).
   rF+:       It protects you from fire.
   rN+++:     It renders you almost immune to negative energy.
   Fragile:   It will be destroyed if unequipped.
 N - a +6 ring of dexterity (left hand)
 U - a ring of poison resistance (right hand)
Wands
 f - a wand of roots (8)
 v - a wand of flame (9)
 x - a wand of acid (1)
 B - a wand of digging (2)
 P - a wand of polymorph (18)
 V - a wand of paralysis (8)
 X - a wand of mindburst (7)
Scrolls
 c - a scroll of enchant weapon
 h - 2 scrolls of revelation
 j - 2 scrolls of silence
 k - 9 scrolls of teleportation
 s - a scroll of butterflies
 A - 3 scrolls of poison
 E - 3 scrolls of fear
 G - 2 scrolls of fog
 S - a scroll of blinking
 Y - 4 scrolls of immolation
Potions
 b - 3 potions of magic
 i - 4 potions of resistance
 l - 3 potions of haste
 m - 4 potions of lignification
 n - a potion of berserk rage
 o - 4 potions of heal wounds
 r - 3 potions of mutation
 t - 7 potions of enlightenment
 H - a potion of cancellation
 I - 3 potions of ambrosia
 M - 3 potions of might
 R - 6 potions of curing
 T - 3 potions of brilliance
 Z - 3 potions of invisibility
Miscellaneous
 D - a lightning rod (3/4)
 F - a condenser vane


   Skills:
 - Level 10.0 Fighting
 + Level 7.8 Staves
 - Level 5.0 Throwing
 - Level 7.0 Armour
 + Level 9.9 Dodging
 - Level 10.0 Stealth
 + Level 9.0 Spellcasting
 - Level 7.0 Conjurations
 - Level 15.0 Summonings
 + Level 3.1 Ice Magic
 - Level 8.0 Air Magic
 - Level 4.0 Poison Magic
 + Level 8.2 Invocations
 - Level 8.0 Evocations


You had 16 spell levels left.
You knew the following spells:

 Your Spells              Type           Power      Damage    Failure   Level
a - Summon Ice Beast      Ice/Summ       31%        N/A       2%          4
b - Call Canine Familiar  Summ           47%        N/A       1%          3
c - Summon Lightning Spi  Summ/Air       38%        N/A       1%          4
d - Mephitic Cloud        Conj/Pois/Air  23%        N/A       2%          3
e - Ozocubu's Armour      Ice            15%        N/A       9%          3

Your spell library contained the following spells:

 Spells                   Type           Power      Damage    Failure   Level
 Summon Small Mammal      Summ           100%       N/A       0%          1
 Magic Dart               Conj           100%       1d8       1%          1
 Call Imp                 Summ           94%        N/A       1%          2
 Summon Guardian Golem    Hex/Summ       27%        N/A       1%          3
 Kiss of Death            Conj/Necr      60%        2d10      2%          1
 Cigotuvi's Dreadful Rot  Necr/Pois/Air  34%        N/A       2%          2
 Hailstorm                Conj/Ice       20%        3d6       3%          3
 Ensorcelled Hibernation  Hex/Ice        20%        N/A       9%          2
 Jinxbite                 Hex            12%        N/A       17%         2
 Ignite Poison            Fire/Tmut/Pois 9%         N/A       19%         3
 Freezing Cloud           Conj/Ice/Air   11%        6-21      26%         5
 Confusing Touch          Hex            6%         N/A       32%         3
 Tukima's Dance           Hex            6%         N/A       32%         3
 Anguish                  Hex/Necr       3%         N/A       75%         4
 Cause Fear               Hex            3%         N/A       75%         4
 Dispel Undead            Necr           6%         3d8       75%         4
 Passage of Golubria      Tloc           6%         N/A       75%         4
 Metabolic Englaciation   Hex/Ice        5%         N/A       86%         5
 Yara's Violent Unravell  Hex/Tmut       3%         3d4       98%         5
 Simulacrum               Ice/Necr       5%         N/A       100%        6
 Enfeeble                 Hex            3%         N/A       100%        7


Dungeon Overview and Level Annotations

Branches:
Dungeon (15/15)            Temple (1/1) D:6            Lair (5/5) D:10
 Shoals (0/4) Lair:2        Snake (1/4) Lair:2        Slime (0/5) Lair:4
    Orc (2/2) D:9             Elf (0/3) Orc:2        Vaults (0/5) D:13
 Depths (0/4) D:15        Ossuary (visited)

Altars:
Ashenzari
Dithmenos
Elyvilon
Fedhas
Gozag
Hepliaklqana
Kikubaaqudgha
Makhleb
Nemelex Xobeh
Okawaru
Qazlal
Ru
Sif Muna
Trog
Uskayaw
Vehumet
Wu Jian
Xom
Yredelemnul
Zin
The Shining One
Jiyva

Shops:
D:1 [   D:7 *   D:14 (   D:15 *[(?   Orc:2 !**[[

Portals:
Trove: D:15 (give +8 demon blade)

Annotations:
D:6 3 runed translucent doors, BinkBink's ghost, novice TrMo
Lair:3 exclusion: oklob plant
Lair:5 exclusion: obsidian statue


Innate Abilities, Weirdness & Mutations

You have a beak for a mouth.
You have claws for feet.
Your magical flight helps you evade attacks. (EV +4)
You can magically evade attacks while moving or waiting.
Your flesh is heat resistant. (rF+)
Your spells are a little easier to cast, but a little less powerful.


Message History

The shock serpent misses your wolf.
Your wolf bites the shock serpent.
Your wolf barely misses the shock serpent.
The shock serpent misses your wolf.
Your wolf misses the shock serpent.
The shock serpent closely misses your wolf.
Your wolf completely misses the shock serpent.
The shock serpent completely misses your wolf.
Your wolf bites the shock serpent!
The shock serpent's electric aura discharges, shocking your wolf!
The shock serpent bites your wolf!
Your wolf dies!
Your wolf's corpse disappears in a puff of smoke!
Aiming: Fastroot
Press: ? - help, Shift-Dir - straight line, f/p - shock serpent
Aim: a shock serpent (black smoke, heavily wounded, umbra)
The roots erupt in riotous growth!
Roots grab the shock serpent.
The grasping roots constrict the shock serpent!
The shock serpent struggles to escape constriction.
Press: ? - help, v - describe, . - travel
Here: a shock serpent (heavily wounded, constricted by roots, umbra)
The floor.
Casting: Summon Ice Beast (dangerous; 2% risk of failure)
Confirm with . or Enter, or press ? or * to list all spells.
A chill wind blows around you.
The grasping roots constrict the shock serpent!
The shock serpent struggles to escape constriction. x2
Casting: Summon Ice Beast (dangerous; 2% risk of failure)
Confirm with . or Enter, or press ? or * to list all spells.
The grasping roots constrict the shock serpent!
The shock serpent escapes!
Your ice beast closely misses the shock serpent.
Casting: Call Canine Familiar (safe; 1% risk of failure)
Confirm with . or Enter, or press ? or * to list all spells.
A chill wind blows around you.
Your ice beast disappears in a puff of smoke!
The shock serpent shoots out a bolt of lightning at you!
The bolt of electricity hits you!!
* * * LOW HITPOINT WARNING * * *
You emit a cloud of dark smoke.
The bolt of electricity hits you!!
You die...

#######.........###.#
####............#### #.#
.....####......## #.#
.###...##......# #.# ##
#...###.....# #.# # #...#
##...## #.# ####...# #.###
#.# .......#######
###+###.###
..##..##...(.###@§§S.###.
#.##..#.#####.#h#§.S#N#.#####
...........8..#.#§Y.#§#..N.N.
###.###...8...'.#.8.#.S...8..
.##...........#.#...#)##....S
.##.#.#.#####.#.#...#8# ####
.##...##...^.###.....##
.###...####### ###+###
............#


You could see a black mamba, a friendly ice beast (summoned) and a friendly
hound (summoned).

Vanquished Creatures
  2 dire elephants (Lair:5)
  Snorg (Orc:1)
  A fire dragon (D:13)
  3 hydras
  A boulder beetle (D:13)
  A centaur warrior (D:14)
  An anaconda (Snake:1)
  A deep troll earth mage (D:15)
  A shock serpent (Snake:1)
  A naga sharpshooter (Snake:1)
  A skyshark (Lair:3)
  Amaemon (D:8)
  9 skeletal warriors
  A spectral death yak (Lair:5)
  A deep troll (D:13)
  A necromancer (Lair:5)
  4 orc knights
  2 manticores
  2 deep elf pyromancers (D:14)
  4 ugly things
  4 cyclopes
  2 mana vipers (Snake:1)
  An orc sorcerer (Orc:1)
  6 black mambas
  4 elephants
  A dire elephant zombie (Lair:5)
  A naga mage (Snake:1)
  4 slime creatures
  3 gargoyles
  6 cane toads
  4 komodo dragons
  6 trolls
  2 polar bears (Lair:5)
  2 meliai (D:13)
  6 blink frogs
  A spectral elephant (Lair:5)
  2 water elementals (D:15)
  Eustachio (D:6)
  5 wyverns
  19 yaks
  A culicivora (shapeshifter) (D:14)
  A vampire (D:12)
  5 wraiths
  2 basilisks
  2 steam dragons (D:6)
  3 wargs
  3 vampire mosquitoes
  4 nagas (Snake:1)
  An acid dragon (D:9)
  A spectral cane toad (Lair:5)
  15 water moccasins
  26 orc warriors
  2 ice beasts
  2 sky beasts (D:7)
  A black bear (Lair:2)
  3 ogres
  3 boggarts (D:15)
  14 wolves
  An elephant skeleton (Lair:5)
  13 centaurs
  2 elf zombies (Ossuary)
  2 kobold brigands
  8 bullfrogs
  3 scorpions (D:5)
  A cane toad simulacrum (Lair:5)
  9 wights
  27 killer bees
  3 howler monkeys
  2 electric eels (Lair:1)
  2 hounds
  A jelly (D:6)
  14 orc priests
  3 human zombies (Ossuary)
  4 iguanas
  21 orc wizards
  A mummy (Ossuary)
  10 gnolls
  2 adders
  5 ufetubi
  4 adder zombies (Ossuary)
  3 dart slugs
  50 orcs
  6 ball pythons
  4 endoplasms (D:1)
  A giant cockroach (D:4)
  2 gnoll zombies (Ossuary)
  9 goblins
  4 hobgoblins
  2 jackals
  11 kobolds
  4 quokkas
  4 bats
  3 frilled lizards
  5 goblin zombies (Ossuary)
  2 hobgoblin zombies (Ossuary)
  5 jackal zombies (Ossuary)
  3 kobold zombies (Ossuary)
  2 orc zombies (Ossuary)
  A quokka zombie (Ossuary)
  A rat (D:3)
  2 rat zombies (Ossuary)
470 creatures vanquished.

Vanquished Creatures (collateral kills)
  The ghost of Vomahe the Severer, a journeyman MiFi of Fedhas (D:15)
  3 dire elephants (Lair:5)
  2 hydras
  2 centaur warriors
  A boulder beetle (D:14)
  2 death yaks (Lair:2)
  2 tengu warriors
  3 two-headed ogres
  A naga sharpshooter (Snake:1)
  An orc high priest (D:15)
  A shadow wraith (D:13)
  4 skeletal warriors (D:15)
  A spectral anaconda (Lair:5)
  A naga ritualist (Snake:1)
  3 necromancers (Lair:5)
  A harpy (D:13)
  4 orc knights
  4 ugly things (D:14)
  3 mana vipers (Snake:1)
  A manticore (D:12)
  3 cyclopes
  6 elephants
  3 black mambas
  4 cane toads
  A torpor snail (Lair:2)
  A gargoyle (D:10)
  Maurice (D:8)
  An orange demon (D:8)
  A molten gargoyle (D:9)
  An unseen horror (D:12)
  Jeremiah (D:8)
  Maggie (D:8)
  2 tengu conjurers
  A komodo dragon (Lair:2)
  A freezing wraith (D:15)
  A yaktaur (D:15)
  2 trolls
  A meliai (D:13)
  A queen bee (Lair:2)
  3 polar bears
  Prince Ribbit (D:8)
  8 blink frogs
  3 dream sheep (Lair:2)
  A jumping spider (shapeshifter) (D:13)
  3 water elementals (D:15)
  3 slime creatures
  11 yaks
  A hog (shapeshifter) (D:13)
  4 basilisks
  A wyvern (Lair:1)
  6 vampire mosquitoes
  A death yak simulacrum (Lair:5)
  3 nagas (Snake:1)
  A spectral cane toad (Lair:5)
  3 wargs
  3 water moccasins
  An acid dragon (D:12)
  11 orc warriors
  A black bear (Lair:1)
  2 ogres (Orc:1)
  2 wolves (Lair:4)
  An elephant skeleton (Lair:5)
  17 centaurs
  Blork the orc (D:4)
  2 bullfrogs
  2 wights
  An elephant simulacrum (Lair:5)
  14 killer bees
  A jelly (D:5)
  A gnoll bouda (D:9)
  8 orc priests
  A sleepcap (D:5)
  An iguana (D:10)
  7 orc wizards
  A hound zombie (Ossuary)
  2 mummies (Ossuary)
  Robin (D:3)
  12 gnolls
  5 adders
  A river rat (Lair:2)
  An ufetubus (D:5)
  A worm (D:3)
  A dart slug (D:3)
  48 orcs
  A giant cockroach (D:4)
  A gnoll zombie (Ossuary)
  7 goblins
  6 hobgoblins
  4 jackals
  A quokka (D:5)
  3 ball pythons
  2 frilled lizards (D:3)
  6 kobolds
  3 kobold zombies (Ossuary)
  A rat (D:2)
312 creatures vanquished.

Vanquished Creatures (others)
  A wraith (D:10)
  An orc priest (Orc:2)
  An orc wizard (Orc:2)
  2 orcs (Orc:2)
5 creatures vanquished.

Grand Total: 787 creatures vanquished

Notes
Turn   | Place    | Note
-------+----------+-------------------------------------------
     0 | D:1      | Lusmu the Tengu Summoner began the quest for the Orb.
     0 | D:1      | Reached XP level 1. HP: 10/10 MP: 4/4
   184 | D:1      | Reached skill level 5 in Summonings
   184 | D:1      | Reached XP level 2. HP: 15/15 MP: 6/6
   426 | D:1      | Found Tuud's Antique Armour Shoppe.
   649 | D:1      | Reached XP level 3. HP: 19/19 MP: 7/7
  1095 | D:2      | Learned a level 3 spell: Call Canine Familiar
  1292 | D:2      | Reached XP level 4. HP: 5/24 MP: 0/9
  1515 | D:2      | Found a burning altar of Makhleb.
  1885 | D:3      | Reached XP level 5. HP: 12/28 MP: 7/10
  1994 | D:3      | Noticed Robin
  2023 | D:3      | Killed Robin
  2212 | D:3      | Reached skill level 6 in Summonings
  2241 | D:3      | Found a shadowy altar of Dithmenos.
  2256 | D:3      | Found an ornate altar of the Wu Jian Council.
  2524 | D:3      | Reached XP level 6. HP: 26/32 MP: 7/12
  2532 | D:3      | Found the +7 staff of the Meek {protect, meekguard}
  2674 | D:3      | Became a worshipper of Dithmenos the Shadowed
  2772 | D:4      | Found a sand-covered staircase.
  2785 | Ossuary  | Entered an ossuary
  2900 | Ossuary  | Reached * piety under Dithmenos
  3027 | Ossuary  | Reached skill level 5 in Stealth
  3027 | Ossuary  | Reached skill level 7 in Summonings
  3027 | Ossuary  | Gained mutation: Your magical flight helps you evade
                  | attacks. (EV +4) [Tengu growth]
  3027 | Ossuary  | Reached XP level 7. HP: 36/36 MP: 11/14
  3265 | D:4      | Learned a level 4 spell: Summon Lightning Spire
  3293 | D:4      | Found a glowing golden altar of the Shining One.
  3669 | D:4      | Reached ** piety under Dithmenos
  3701 | D:4      | Noticed Blork the orc
  3722 | D:4      | Killed Blork the orc
  3723 | D:4      | Reached skill level 1 in Fighting
  3723 | D:4      | Reached skill level 1 in Air Magic
  3906 | D:5      | Entered Level 5 of the Dungeon
  4017 | D:5      | Reached skill level 1 in Invocations
  4098 | D:5      | Noticed a troll
  4377 | D:5      | Reached XP level 8. HP: 44/44 MP: 10/15
  5162 | D:6      | Reached skill level 8 in Summonings
  5212 | D:6      | Found a blossoming altar of Fedhas.
  5214 | D:6      | Found an ancient bone altar of Kikubaaqudgha.
  5310 | D:6      | Reached *** piety under Dithmenos
  5387 | D:6      | Found a runed translucent gate.
  5387 | D:6      | Found a runed translucent gate.
  5387 | D:6      | Found a runed translucent gate.
  5387 | D:6      | Noticed BinkBink's ghost (novice TrMo)
  5424 | D:6      | Noticed Eustachio
  5460 | D:6      | Killed Eustachio
  5461 | D:6      | Reached skill level 5 in Air Magic
  5461 | D:6      | Reached XP level 9. HP: 34/51 MP: 16/16
  5655 | D:6      | Found a staircase to the Ecumenical Temple.
  5661 | Temple   | Entered the Ecumenical Temple
  5961 | D:7      | Reached skill level 5 in Dodging
  5998 | D:7      | Identified the +0 robe "Qazxac" {rElec rF+ Will+}
  6123 | D:7      | Found Doelan's General Store.
  6131 | D:7      | Bought a potion of attraction for 45 gold pieces
  6131 | D:7      | Bought a scroll of noise for 15 gold pieces
  6131 | D:7      | Bought a potion of curing for 45 gold pieces
  6131 | D:7      | Bought a scroll of blinking for 112 gold pieces
  6340 | D:7      | Found a burning altar of Makhleb.
  6737 | D:7      | Upgraded the game from 0.31-a0-978-g1e143483b6 to
                  | 0.31-a0-981-geadf994542
  6739 | D:8      | Noticed Amaemon
  6811 | D:8      | Noticed Maurice
  6815 | D:8      | Noticed Prince Ribbit
  6820 | D:8      | Maurice stole a +5 trident
  7254 | D:8      | Found a stormy altar of Qazlal.
  7394 | D:8      | Noticed an orange demon
  7441 | D:8      | Found a hazy altar of Hepliaklqana.
  7447 | D:8      | Found a radiant altar of Vehumet.
  7454 | D:8      | Something stole a beast talisman
  7456 | D:8      | Noticed Maggie
  7457 | D:8      | Killed Maurice
  7458 | D:8      | Reached skill level 5 in Fighting
  7458 | D:8      | Reached XP level 10. HP: 58/59 MP: 17/17
  7474 | D:8      | Noticed Jeremiah
  7526 | D:8      | Killed Jeremiah
  7565 | D:8      | Killed Maggie
  7826 | D:8      | Identified the +8 longbow of Taxation {heavy, rElec}
  7942 | D:8      | Killed Prince Ribbit
  8237 | D:9      | Reached **** piety under Dithmenos
  8614 | D:9      | Found a staircase to the Orcish Mines.
  8650 | D:9      | Reached skill level 5 in Spellcasting
  8773 | D:9      | Reached skill level 1 in Staves
  8773 | D:9      | Reached skill level 1 in Armour
  8773 | D:9      | Reached skill level 9 in Summonings
  8773 | D:9      | Reached XP level 11. HP: 46/64 MP: 19/19
  8926 | D:9      | Reached skill level 1 in Throwing
  9413 | D:9      | Found a sacrificial altar of Ru.
  9623 | D:9      | Found an opulent altar of Gozag.
  9753 | D:10     | Entered Level 10 of the Dungeon
  9804 | D:10     | Found a staircase to the Lair.
  9839 | Lair:1   | Entered Level 1 of the Lair of Beasts
 10259 | Lair:1   | Reached skill level 10 in Summonings
 10302 | Lair:1   | Reached ***** piety under Dithmenos
 10309 | Lair:1   | Reached skill level 5 in Staves
 10319 | Lair:1   | Learned a level 3 spell: Mephitic Cloud
 10387 | Lair:1   | Reached skill level 1 in Conjurations
 10401 | Lair:1   | Reached skill level 1 in Evocations
 10449 | Lair:1   | Reached skill level 1 in Poison Magic
 10499 | Lair:1   | Found a dark tunnel.
 11083 | D:10     | Identified the +0 plate armour of a wizard's laboratory
                  | {Drain Str+3 Slay+2}
 11151 | D:10     | Reached XP level 12. HP: 68/71 MP: 20/20
 11634 | D:11     | Reached skill level 5 in Throwing
 12612 | D:11     | Noticed a two-headed ogre
 12626 | D:11     | Killed a two-headed ogre
 12736 | D:10     | Identified a scroll of acquirement
 12737 | D:10     | Identified the of Buduess (You acquired it on level 10 of
                  | the Dungeon)
 12737 | D:10     | Acquired the amulet "Zyivakh" {Faith Fragile rF+ rN+++
                  | Int-3}
 13165 | Lair:2   | Found a staircase to the Shoals.
 13239 | Lair:2   | Reached skill level 10 in Stealth
 13322 | Lair:2   | Reached skill level 5 in Conjurations
 13471 | Lair:2   | Found a staircase to the Snake Pit.
 13910 | Lair:2   | Noticed a death yak
 13912 | Lair:2   | Noticed a death yak
 13929 | Lair:2   | Killed a death yak
 13930 | Lair:2   | Noticed a death yak
 13959 | Lair:2   | Killed a death yak
 13960 | Lair:2   | Reached skill level 5 in Evocations
 14011 | Lair:2   | Reached skill level 11 in Summonings
 14166 | Lair:2   | Reached XP level 13. HP: 78/78 MP: 21/21
 14196 | Lair:2   | Reached skill level 12 in Summonings
 14810 | Lair:2   | Gained mutation: You occasionally shout uncontrollably at
                  | your foes. [potion of mutation]
 14810 | Lair:2   | Gained mutation: You are clumsy. (Dex -2) [potion of
                  | mutation]
 14811 | Lair:2   | Lost mutation: You occasionally shout uncontrollably at
                  | your foes. [potion of mutation]
 14811 | Lair:2   | Lost mutation: You are clumsy. (Dex -2) [potion of
                  | mutation]
 14811 | Lair:2   | Gained mutation: Your spells are a little easier to cast,
                  | but a little less powerful. [potion of mutation]
 14811 | Lair:2   | Gained mutation: Your flesh is heat resistant. (rF+)
                  | [potion of mutation]
 15643 | Lair:3   | Identified the +9 shortbow "Qoheneq" {freeze, +Blink rPois
                  | rC+}
 15870 | Lair:3   | Found a sparkling altar of Nemelex Xobeh.
 16109 | Lair:3   | Identified the +4 quarterstaff of Nuruis {freeze, Int+2
                  | Dex+4}
 16444 | Lair:4   | Found a frozen archway.
 17574 | Lair:4   | Reached skill level 5 in Armour
 17658 | Lair:4   | Found a viscous altar of Jiyva.
 17658 | Lair:4   | Found a staircase to the Slime Pits.
 17896 | Lair:5   | Entered Level 5 of the Lair of Beasts
 17973 | Lair:5   | Reached skill level 13 in Summonings
 18047 | Lair:5   | Noticed a dire elephant
 18142 | Lair:5   | Reached skill level 5 in Invocations
 18710 | Lair:5   | Noticed a dire elephant
 18710 | Lair:5   | Noticed a dire elephant
 18712 | Lair:5   | Noticed a dire elephant
 18762 | Lair:5   | Killed a dire elephant
 19233 | Lair:5   | Reached ****** piety under Dithmenos
 19343 | Lair:5   | Reached XP level 14. HP: 79/84 MP: 12/24
 19438 | Lair:5   | Noticed a dire elephant
 19484 | Lair:5   | Killed a dire elephant
 19763 | Lair:5   | Reached skill level 14 in Summonings
 19773 | Lair:5   | Killed a dire elephant
 19780 | Lair:5   | HP: 2/84 [dire elephant (6)]
 20075 | Lair:5   | Killed a dire elephant
 20306 | Lair:5   | Killed a dire elephant
 22584 | D:13     | Found a gate to the Vaults.
 23785 | D:14     | Reached skill level 15 in Summonings
 23964 | D:14     | Reached XP level 15. HP: 80/90 MP: 22/28
 24304 | D:14     | Found Jocheg's Antique Weapon Boutique.
 25558 | Lair:1   | Learned a level 4 spell: Summon Ice Beast
 25679 | D:15     | Entered Level 15 of the Dungeon
 25679 | D:15     | Found Linimal's Antique Armour Shop.
 25679 | D:15     | Found Yvatzil's Weapon Boutique.
 26262 | D:15     | Found Rauttess's Magic Scroll Boutique.
 26313 | D:15     | Found a runed translucent gate.
 26313 | D:15     | Found a runed translucent gate.
 26313 | D:15     | Found a runed translucent gate.
 26326 | D:15     | Noticed Vomahe's ghost (journeyman MiFi)
 26327 | D:15     | Identified the ring of Varor {+Blink EV+5 Str-4 Slay-5
                  | Stlth+}
 26599 | D:15     | Reached skill level 1 in Ice Magic
 26971 | D:15     | Found a staircase to the Depths.
 27251 | D:15     | Found Tosuil's General Store.
 27758 | D:15     | Found a portal to a secret trove of treasure.
 28372 | Orc:1    | Entered Level 1 of the Orcish Mines
 28684 | Orc:2    | Entered Level 2 of the Orcish Mines
 28689 | Orc:2    | Noticed Snorg
 28730 | Orc:1    | Killed Snorg
 29548 | Orc:2    | Reached skill level 10 in Fighting
 30094 | Orc:2    | Found Gumotz's Distillery.
 30110 | Orc:2    | Found a staircase to the Elven Halls.
 30388 | Orc:2    | Found Biploaje's Antique Armour Boutique.
 30388 | Orc:2    | Found Cutse's General Store.
 30388 | Orc:2    | Found Aneox's General Store.
 30392 | Orc:2    | Found Zorenewu's Armour Shop.
 31033 | D:8      | Found a glowing silver altar of Zin.
 31042 | D:8      | Killed Amaemon
 31200 | D:1      | Bought an embroidered scarf for 208 gold pieces
 31566 | D:15     | Killed Vomahe's ghost
 31944 | D:15     | Identified the +4 hat "Lenoret" {+Blink}
 32263 | Snake:1  | Entered Level 1 of the Snake Pit
 32285 | Snake:1  | Reached XP level 16. HP: 92/97 MP: 20/29
 32786 | Snake:1  | Learned a level 3 spell: Ozocubu's Armour
 33162 | Snake:1  | Killed from afar by a shock serpent

Illustrated notes

Levels and vault maps discovered:
D:1:      amcnicky_arrival_gap_in_the_tavern_cellar, layout_loops_corners,
          serial_shops, nicolae_shop_just_a_little_nook
D:2:      layout_rooms, basic_altar, minmay_surrounded
D:3:      layout_rooms, grunt_dithmenos_smoke, overflow_temple_1_default,
          pf_guarded_unrand_meek, uniq_robin
D:4:      layout_loops_ring, tso_altar, enter_ossuary_1, uniq_blork_the_orc
D:5:      layout_loops_ring, kennysheep_generic_room_6
D:6:      layout_cave_pools, grunt_temple_overflow_growth_and_decay,
          minmay_temple_entry_enclosed_plants, ebering_ghost_rock_garden,
          uniq_eustachio
D:7:      layout_loops_ring, bloody_makhleb, serial_shops, nicolae_shop_crystal
D:8:      layout_basic, zin_academy, nicolae_vehumet_radiance,
          nicolae_qazlal_general_emergency, general_overflow_altar,
          slow_altar_2, kennysheep_another_room, uniq_amaemon, uniq_maggie,
          uniq_prince_ribbit1, uniq_jeremiah, uniq_maurice
D:9:      layout_irregular_city, kennysheep_little_box, hangedman_ru_absence,
          hiddenorc2_lemuel, minivault_8
D:10:     layout_roguey, david_lair_shrubbed, serial_glass, glass_columns_a,
          glass_columns_a, glass_columns_a, glass_columns_b, glass_columns_c,
          glass_columns_b
D:11:     layout_rooms, chequers_arboretum
D:12:     layout_cave_pools
D:13:     layout_grid_maze, david_vaults_4
D:14:     layout_roguey, gauntlet_entry_generic, serial_co_window_serial,
          co_window_paths_a, co_window_paths_a, co_window_of_opportunity_a,
          co_window_paths_a, co_window_paths_b, co_window_corner_a,
          co_window_paths_c, co_window_corner_b, co_window_paths_c,
          co_window_paths_c, co_window_sun, co_window_4corner_a,
          glass_columns_a, glass_columns_a, glass_columns_b, glass_columns_a,
          serial_shops, nicolae_shop_statue_plus
D:15:     hellmonk_depths_entry_around_the_bend, layout_cross,
          serial_bayou_ford_a, serial_shops, shop, shop, shop,
          nicolae_shop_bloodbath_and_beyond, nicolae_trove_entry_columns,
          biasface_ghost_orc_armoury, nicolae_underground_beach
Temple:   kb_temple_of_zot
Lair:1:   layout_roguey, enter_volcano_1, grunt_megastairs_4,
          infiniplex_staircase_pool
Lair:2:   regret_index_tunnel_blossom, layout_cave_pods,
          minmay_shoals_entry_centaurs
Lair:3:   layout_regular_city, lemuel_centaur_altar
Lair:4:   layout_roguey, slime_entry_1, portal_ice_cave_entry_pillars_1,
          minivault_23
Lair:5:   due_jungle_book, layout_regular_city, ldierk_geyser, st_stairs_6,
          grunt_forest_small_clearing_treed
Snake:1:  layout_rooms, grunt_megastairs_1
Orc:1:    layout_diamond_mine
Orc:2:    st_orc_rangers, layout_caves, serial_shops, shop_statue, uniq_snorg

Skill      XL: |  1  2  3  4  5  6  7  8  9 10 11 12 13 14 15 16 |
---------------+-------------------------------------------------+-----
Summonings     | 5 6 7 8 9 10 11 13 15 | 15.0
Stealth        | 3 4 5 6 7 9 10 | 10.0
Spellcasting   | 3 4 5 6 8 9 |  9.0
Fighting       | 1 3 5 6 8 9 10 | 10.0
Air Magic      | 1 5 7 8 |  8.0
Invocations    | 1 2 3 5 7 8 |  8.2
Dodging        | 3 4 6 8 9 |  9.9
Staves         | 1 5 7 |  7.8
Armour         | 1 3 5 6 7 |  7.0
Throwing       | 4 5 |  5.0
Conjurations   | 2 6 7 |  7.0
Evocations     | 2 5 6 7 8 |  8.0
Poison Magic   | 1 4 |  4.0
Ice Magic      | 3 |  3.1

Action                     |  1- 3 |  4- 6 |  7- 9 | 10-12 | 13-15 | 16-18 || total
---------------------------+-------+-------+-------+-------+-------+-------++-------
  Melee: Unarmed           |    12 |       |       |       |       |       ||    12
         Kick              |    14 |    32 |    57 |   167 |   473 |    24 ||   767
         Peck              |     5 |    24 |    45 |   110 |   261 |    10 ||   455
         Dagger            |    52 |    62 |       |       |       |       ||   114
         Quarterstaff      |       |    57 |   224 |   452 |   971 |    51 ||  1755
  Throw: Dart              |       |       |     4 |     4 |    17 |       ||    25
         Throwing net      |       |       |       |       |     2 |       ||     2
   Cast: Summon Small Mamm |    24 |    22 |    33 |     2 |       |       ||    81
         Call Canine Famil |     3 |    19 |    47 |    53 |   164 |     8 ||   294
         Summon Lightning  |       |       |       |    45 |   117 |    10 ||   172
         Mephitic Cloud    |       |       |       |       |    11 |       ||    11
         Summon Ice Beast  |       |       |       |       |    36 |    10 ||    46
  Evoke: Wand              |       |       |       |     4 |    26 |     5 ||    35
         Lightning rod     |       |       |       |     2 |    18 |       ||    20
         Condenser vane    |       |       |       |       |     3 |       ||     3
    Use: Potion            |       |     1 |       |     2 |    14 |       ||    17
         Scroll            |       |       |     4 |    11 |    12 |       ||    27
   Stab: Sleeping          |     4 |     1 |     9 |     7 |    19 |     2 ||    42
         Distracted        |       |     3 |     7 |     8 |    38 |       ||    56
         Invisible         |       |       |       |       |     3 |       ||     3
         Confused          |       |       |       |       |     3 |       ||     3
         Paralysed         |       |       |       |       |     2 |       ||     2
 Armour: Robe              |    19 |    49 |    35 |       |       |       ||   103
         Steam dragon scal |       |       |    29 |   136 |   241 |       ||   406
         Acid dragon scale |       |       |       |       |   213 |    38 ||   251
  Dodge: Dodged            |    56 |   133 |   327 |   739 |  1579 |    65 ||  2899
         Repelled          |       |       |       |       |     1 |     5 ||     6

Table legend: (Time is in decaauts)
 A = Elapsed time spent in this place.
 B = Non-inter-level travel time spent in this place.
 C = Inter-level travel time spent in this place.
 D = Time resting spent in this place.
 E = Time spent auto-exploring this place.
 F = Levels seen in this place.
 G = Mean time per level.
                   A        B        C        D        E       F      G
               +--------+--------+--------+--------+--------+-----+--------+
         Total |  33389 |  31528 |   1861 |   7526 |   9593 |  25 | 1335.6 |
       Dungeon |  20119 |  18774 |   1345 |   4089 |   6429 |  15 | 1341.3 |
        Temple |     60 |     14 |     46 |      0 |      0 |   1 |   60.0 |
          Lair |   9472 |   9040 |    432 |   2155 |   2537 |   5 | 1894.4 |
     Snake Pit |    688 |    688 |      0 |    189 |      0 |   1 |  688.0 |
  Orcish Mines |   2609 |   2571 |     38 |   1058 |    613 |   2 | 1304.5 |
       Ossuary |    439 |    439 |      0 |     34 |     14 |   1 |  439.0 |
               +--------+--------+--------+--------+--------+-----+--------+

Top non-repeatable levels by time:
    D:15: 2617 daAuts
    D:14: 2497 daAuts
  Lair:2: 2457 daAuts
  Lair:5: 2438 daAuts
    D:13: 2320 daAuts
  Lair:3: 1613 daAuts
  Lair:1: 1595 daAuts
   Orc:1: 1583 daAuts
     D:8: 1534 daAuts
     D:9: 1470 daAuts
  Lair:4: 1367 daAuts
    D:10: 1208 daAuts
     D:5: 1125 daAuts
     D:1: 1094 daAuts
     D:7: 1088 daAuts
